 Dungeon Crawl Stone Soup version 0.19.5 (webtiles) character file.

131 zausaa the Skirmisher (level 4, -9/42 HPs)
             Began as a Minotaur Abyssal Knight on May 1, 2017.
             Was a Believer of Lugonu.
             Mangled by a gnoll
             ... wielding a +2 antimagic halberd
              (11 damage)
             ... on level 3 of the Dungeon.
             The game lasted 00:07:42 (2282 turns).

zausaa the Skirmisher (Minotaur Abyssal Knight)     Turns: 2282, Time: 00:07:42

Health: -9/42      AC:  5    Str: 18    XL:     4   Next: 91%
Magic:  0/4        EV: 11    Int:  9    God:    Lugonu [**....]
Gold:   32         SH:  0    Dex:  9    Spells: 0 memorised, 3 levels left

rFire  . . .     SeeInvis .     a - +1 mace
rCold  . . .     Gourm    .     e - +0 ring mail
rNeg   . . .     Faith    .     (no shield)
rPois  .         Spirit   .     (helmet restricted)
rElec  .         Reflect  .     (no cloak)
rCorr  .         Harm     .     (no gloves)
MR     .....                    (no boots)
Stlth  ..........               (no amulet)
                                (no ring)
                                (no ring)

@: no status effects
A: retaliatory headbutt, horns 2
a: Depart the Abyss, Bend Space, Renounce Religion


You were on level 3 of the Dungeon.
You worshipped Lugonu.
Lugonu was pleased with you.
You were not hungry.

You visited 1 branch of the dungeon, and saw 3 of its levels.
You visited the Abyss 1 time.

You collected 32 gold pieces.

Inventory:

Hand Weapons
 a - a +1 mace (weapon)
Armour
 b - a +0 leather armour
 e - a +0 ring mail (worn)
Scrolls
 g - 2 scrolls of identify
Potions
 d - a potion of agility
 h - 2 potions of curing {unknown}
Comestibles
 c - 3 bread rations
 f - 3 chunks of flesh
 i - a slice of pizza


   Skills:
 * Level 5.3 Fighting
 * Level 3.9 Maces & Flails
 + Level 3.2 Armour
 + Level 1.4 Dodging
 + Level 2.1 Invocations


You had 3 spell levels left.
You didn't know any spells.

Dungeon Overview and Level Annotations

Branches:
Dungeon (3/15)

Altars:


Innate Abilities, Weirdness & Mutations

You reflexively headbutt those who attack you in melee.
You have a pair of horns on your head.


Message History

Unknown command.
As you read the scroll labeled ZIETRO ITALOG, it crumbles to dust.
It is a scroll of identify.
Really abort (and waste the scroll)? [Y]es or [N]o only, please.
Really abort (and waste the scroll)? [Y]es or [N]o only, please.
Really abort (and waste the scroll)? [Y]es or [N]o only, please.
Really abort (and waste the scroll)? [Y]es or [N]o only, please.
Really abort (and waste the scroll)? [Y]es or [N]o only, please.
Really abort (and waste the scroll)?
d - a potion of agility The gnoll barely misses you.
The gnoll hits you with a spear.
* * * LOW HITPOINT WARNING * * *
The gnoll barely misses you.
The gnoll hits you from afar with an antimagic halberd!
You die...

.# ##. #.###.# .###.....#
.........# ####### .........#
### ###.....#..#
#....######...# ........#..#
#.g...l...#.#
...........######.g###### #.#
.)......##......@.g)†...# #.#
.<..........#####..####.# #.#
....##..........#..# ##.###.#
#÷<###.###..###.#..###...##.#
#..#.....#..# #.#..##.###.#.#
#..#.....#..###.#.....# #...#
......................###.###
#..#.....#........##.#...##
#..#.....#...##.####.##.##


You could see 3 gnolls.

Vanquished Creatures
  A bullfrog zombie (D:3)
  An adder (D:2)
  A gnoll (D:3)
  2 oozes
  2 worms
  2 dart slugs
  4 leopard geckos
  A ball python (D:2)
  A giant cockroach (D:1)
  6 goblins
  6 hobgoblins
  10 jackals
  5 bats
  2 frilled lizards
  4 kobolds
  8 rats
56 creatures vanquished.

Notes
Turn   | Place    | Note
-------+----------+-------------------------------------------
     0 | Abyss:1  | zausaa the Minotaur Abyssal Knight began the quest for the Orb.
     0 | Abyss:1  | Reached XP level 1. HP: 19/19 MP: 1/1
    40 | D:1      | Escaped the Abyss
   277 | D:1      | Reached skill level 4 in Fighting
   385 | D:1      | Reached XP level 2. HP: 27/27 MP: 2/2
   926 | D:1      | Reached ** piety under Lugonu
   926 | D:1      | Reached XP level 3. HP: 34/34 MP: 3/3
  1411 | D:2      | Reached skill level 5 in Fighting
  1745 | D:2      | Reached XP level 4. HP: 42/42 MP: 4/4
  2281 | D:3      | HP: 2/42 [gnoll/spear (4)]
  2282 | D:3      | Mangled by a gnoll

Skill      XL: |  1  2  3  4 |
---------------+-------------+-----
Fighting       | 4 5 |  5.3
Invocations    | 2 |  2.1
Armour         | 3 |  3.2
Maces & Flails | 3 |  3.9
Dodging        | |  1.4

Action                   |  1- 3 |  4- 6 || total
-------------------------+-------+-------++-------
Melee: Mace              |    85 |    39 ||   124
       Headbutt          |     7 |     4 ||    11
Invok: Bend Space        |       |     1 ||     1
  Use: Scroll            |       |     1 ||     1
  Eat: Chunk             |     3 |     1 ||     4
Armor: Leather armour    |     1 |       ||     1
       Ring mail         |    35 |    15 ||    50
Dodge: Dodged            |    54 |    41 ||    95
